 Dungeon Crawl Stone Soup version 0.29-a0-333-gb4c28e87c6 (webtiles) character file.

Game seed: 18425727149236754409

21 Jortsu the Skirmisher (level 2, -4/24 HPs)
             Began as a Demonspawn Fighter on Apr 13, 2022.
             Was a Follower of Ru.
             Slain by Sigmund
             ... wielding a +0 scythe
              (7 damage)
             ... on level 2 of the Dungeon.
             The game lasted 00:01:59 (1099 turns).

Jortsu the Skirmisher (Demonspawn Fighter)          Turns: 1099, Time: 00:01:59

Health: -4/24      AC:  6    Str: 16    XL:     2   Next: 62%
Magic:  2/2        EV:  9    Int:  9    God:    Ru [*.....]
Gold:   45         SH:  4    Dex: 12    Spells: 1/1 levels left

rFire   . . .      SeeInvis .   a - +0 war axe
rCold   . . .      Faith    .   c - +0 buckler
rNeg    . . .      Spirit   .   b - +0 scale mail
rPois   .          Reflect  .   (no helmet)
rElec   .          Harm     .   (no cloak)
rCorr   .          Rampage  .   (no gloves)
Will    .....                   (no boots)
Stlth   ..........              (no amulet)
HPRegen 0.08/turn               (no ring)
MPRegen 0.08/turn               (no ring)

@: mighty
A: missing an eye, weakness stinger 1
a: Renounce Religion


You were on level 2 of the Dungeon.
You worshipped Ru.
Ru was aware of your devotion.
You visited 1 branch of the dungeon, and saw 2 of its levels.

You collected 45 gold pieces.

Inventory:

Hand Weapons
 a - a +0 war axe (weapon)
Armour
 b - a +0 scale mail (worn)
 c - a +0 buckler (worn)
Potions
 e - a potion of heal wounds
 k - a potion of haste {unknown}


   Skills:
 + Level 3.1 Fighting
 + Level 2.0 Axes
 + Level 3.0 Armour
 + Level 0.3 Dodging
 + Level 2.8 Shields


You had one spell level left.
You didn't know any spells.
Your spell library was empty.

Dungeon Overview and Level Annotations

Branches:
Dungeon (2/15)

Altars:
Ru

Shops:
D:1 =

Annotations:
D:2 Sigmund


Innate Abilities, Weirdness & Mutations

You are missing an eye, making it more difficult to aim.
You have a small tail.


Message History

Where to? (? - help)
There is a stone staircase leading down here.
You climb downwards.
Your summoned allies are left behind.
There is a stone staircase leading up here.
Sigmund the Dreaded comes into view.
He is wielding a +0 scythe.
Sigmund shouts!
You feel very mighty all of a sudden.
An endoplasm comes into view.
The endoplasm quivers.
You block Sigmund's attack.
You barely miss Sigmund. Sigmund hits you but does no damage.
You closely miss Sigmund. You closely miss the endoplasm.
The endoplasm freezes you.
You are frozen.
Sigmund hits you with a +0 scythe.
You hit Sigmund.
Your tail-slap misses Sigmund.
Sigmund is moderately wounded.
You barely miss the endoplasm.
The endoplasm hits you but does no damage.
Sigmund hits you with a +0 scythe.
The endoplasm hits you but does no damage.
You barely miss Sigmund.
Sigmund is moderately wounded.
You closely miss the endoplasm. The endoplasm freezes you.
You are frozen.
Sigmund hits you with a +0 scythe!
* * * LOW HITPOINT WARNING * * *
You barely miss Sigmund.
Sigmund is moderately wounded.
You hit the endoplasm. The endoplasm freezes you.
You are frozen.
* * * LOW HITPOINT WARNING * * *
Sigmund barely misses you.
The endoplasm begins to attack, but is stunned by your conviction!
You slice Sigmund!!
Sigmund is almost dead.
You hit the endoplasm.
You kill the endoplasm!
Sigmund hits you with a +0 scythe!
You die...

#.<.......
###.....#.##
#.......#
#.#.....####.
..#...........
###.###.#######
## #.#
####.####
#..@....#
#..@....#
#.......#
#.....##.#
..#..... ...
..#....... #..
...#....... ##
## .........


You could see Sigmund.

Vanquished Creatures
  2 dart slugs (D:1)
  A ball python (D:1)
  3 bats (D:1)
  2 endoplasms
  2 goblins (D:1)
  A hobgoblin (D:1)
  A jackal (D:1)
  A quokka (D:1)
  A frilled lizard (D:1)
  2 kobolds (D:1)
16 creatures vanquished.

Notes
Turn   | Place    | Note
-------+----------+-------------------------------------------
     0 | D:1      | Jortsu the Demonspawn Fighter began the quest for the Orb.
     0 | D:1      | Reached XP level 1. HP: 18/18 MP: 1/1
   129 | D:1      | Found a faded altar of an unknown god.
   148 | D:1      | Prayed at the altar of an unknown god.
   148 | D:1      | Became a worshipper of Ru the Awakened
   164 | D:1      | Gained mutation: You are missing an eye, making it more
                  | difficult to aim. [Ru sacrifice]
   164 | D:1      | Reached * piety under Ru
   366 | D:1      | Gained mutation: You have a small tail. [demonic ancestry]
   366 | D:1      | Reached XP level 2. HP: 19/24 MP: 2/2
   470 | D:1      | Found Kudeul's One-of-a-Kind Rings.
  1087 | D:2      | Noticed Sigmund
  1099 | D:2      | Slain by Sigmund

Illustrated notes

Levels and vault maps discovered:
D:1:      dpeg_arrival_brainrot, layout_loops_ring,
          hellmonk_ecumenical_altar_pennies_from_heaven,
          nicolae_shop_unique_rings
D:2:      layout_loops_cross, serial_shops, nicolae_square_shop, uniq_jessica,
          uniq_sigmund, uniq_robin, uniq_natasha

Skill      XL: |  1  2 |
---------------+-------+-----
Armour         | 3 |  3.0
Axes           | 2 |  2.0
Fighting       | |  3.1
Dodging        | |  0.3
Shields        | |  2.8

Action                   || total
-------------------------++-------
Melee: War axe           ||    65
       Tailslap          ||     3
Invok: Sacrifice an Eye  ||     1
  Use: Scroll            ||     5
       Potion            ||     1
Armor: Scale mail        ||    81
Dodge: Dodged            ||    40
Block: Buckler           ||    25

Table legend: (Time is in decaauts)
 A = Elapsed time spent in this place.
 B = Non-inter-level travel time spent in this place.
 C = Inter-level travel time spent in this place.
 D = Time resting spent in this place.
 E = Time spent auto-exploring this place.
 F = Levels seen in this place.
 G = Mean time per level.
                   A        B        C        D        E       F      G
               +--------+--------+--------+--------+--------+-----+--------+
         Total |   1128 |   1117 |     11 |     12 |    842 |   2 |  564.0 |
       Dungeon |   1128 |   1117 |     11 |     12 |    842 |   2 |  564.0 |
               +--------+--------+--------+--------+--------+-----+--------+

Top non-repeatable levels by time:
     D:1: 1108 daAuts
     D:2: 19 daAuts
